 Dungeon Crawl Stone Soup version 0.30.1-11-g7821555f0a (webtiles) character file.

Game seed: 7257431654074720199

131 RancidPinata the Trooper (level 5, -1/33 HPs)
             Began as a Gargoyle Gladiator on Dec 15, 2023.
             Slain by Crazy Yiuf
             ... wielding a +2 quarterstaff of chaos
              (6 damage)
             ... on level 3 of the Dungeon.
             The game lasted 00:11:14 (2978 turns).

RancidPinata the Trooper (Gargoyle Gladiator)       Turns: 2978, Time: 00:11:15

Health: -1/33      AC: 12    Str: 17    XL:     5   Next: 14%
Magic:  5/5        EV: 10    Int: 11    God:
Gold:   88         SH:  3    Dex: 11    Spells: 4/4 levels left

rFire   . . .        a - +0 flail
rCold   . . .        x - +0 buckler
rNeg    + . .        m - +0 ring mail
rPois   ∞            c - +0 helmet
rElec   +            (no cloak)
rCorr   +            g - +1 pair of gloves
SInv    .            (no boots)
Will    .....        (no amulet)
Stlth   +            r - ring of resist corrosion
HPRegen 0.25/turn    (no ring)
MPRegen 0.09/turn

%: no passive effects
@: studying Shields
A: sickness immunity, AC +4, negative energy resistance 1, electricity
resistance, torment resistance 1, petrification resistance
a: no special abilities


You were on level 3 of the Dungeon.
You visited 1 branch of the dungeon, and saw 4 of its levels.

You collected 88 gold pieces.

Inventory:

Hand Weapons
 a - a +0 flail (weapon)
Missiles
 d - 2 throwing nets (quivered)
 e - a javelin
 f - 30 stones
 u - a boomerang
 w - 3 poisoned darts
Armour
 c - a +0 helmet (worn)
 g - a +1 pair of gloves (worn)
 m - a +0 ring mail (worn)
 x - a +0 buckler (worn)
Jewellery
 k - a ring of protection from cold
 r - a ring of resist corrosion (left hand)
Scrolls
 i - a scroll of torment {unknown}
 j - a scroll of poison {unknown}
 l - 2 scrolls of fear {unknown}
 n - a scroll of identify {unknown}
 p - a scroll of vulnerability {unknown}
 q - a scroll of noise {unknown}
 v - 3 scrolls of amnesia {unknown}
Potions
 b - a potion of invisibility {unknown}
 h - a potion of mutation {unknown}
 o - a potion of degeneration {unknown}
 s - a potion of berserk rage {unknown}
 t - a potion of cancellation {unknown}
 z - a potion of curing {unknown}


   Skills:
 * Level 4.0 Fighting
 + Level 3.6 Maces & Flails
 + Level 2.6 Throwing
 + Level 2.0 Armour
 - Level 2.4 Dodging


You had 4 spell levels left.
You didn't know any spells.
Your spell library contained the following spells:

 Spells                   Type           Power      Damage    Failure   Level
 Beastly Appendage        Tmut           0%         N/A       65%         1
 Sting                    Tmut/Pois      0%         1d3       65%         1
 Poisonous Vapours        Pois/Air       0%         N/A       78%         2
 Wereblood                Tmut           0%         N/A       78%         2
 Gell's Gravitas          Tloc           0%         N/A       95%         3
 Spider Form              Tmut/Pois      0%         N/A       95%         3
 Teleport Other           Tloc           0%         N/A       95%         3
 Olgreb's Toxic Radiance  Pois           0%         N/A       100%        4
 Dispersal                Tloc           0%         N/A       100%        6


Dungeon Overview and Level Annotations

Branches:
Dungeon (4/15)
 Temple: D:4-7

Altars:
Uskayaw

Annotations:
D:3 Crazy Yiuf


Innate Abilities, Weirdness & Mutations

You are immune to sickness and miasma.
Your stone body is resilient. (AC +4)
You are immune to poison.
You resist negative energy. (rN+)
You are resistant to electric shocks. (rElec)
You are resistant to unholy torment.
You are immune to petrification.


Message History

The fungus is lightly damaged.
A nearby fungus withers and dies.
Found a hammer.
Found a runed translucent door.
Crazy Yiuf shouts!
Press: ? - help, v - describe, . - travel, g - get item Item here: a hammer.
The floor.
As you open the door, it creaks loudly!
You barely miss Crazy Yiuf.
Crazy Yiuf hits you with a +2 quarterstaff of chaos.
Crazy Yiuf freezes you.
You hit Crazy Yiuf.
Crazy Yiuf is moderately wounded.
Crazy Yiuf hits you with a +2 quarterstaff of chaos!
You hit Crazy Yiuf.
Crazy Yiuf is heavily wounded.
Crazy Yiuf hits you with a +2 quarterstaff of chaos.
You blink.
Crazy Yiuf sings, "Trees, trees, trees, circus!"
You hit Crazy Yiuf.
Crazy Yiuf is severely wounded.
Crazy Yiuf hits you with a +2 quarterstaff of chaos.
Crazy Yiuf freezes you.
You completely miss Crazy Yiuf.
Crazy Yiuf is severely wounded.
Crazy Yiuf barely misses you.
You closely miss Crazy Yiuf.
Crazy Yiuf is severely wounded.
Crazy Yiuf hits you with a +2 quarterstaff of chaos.
* * * LOW HITPOINT WARNING * * *
Crazy Yiuf burns you.
* * * LOW HITPOINT WARNING * * *
Throw: 3 throwing nets
Press: ? - help, Q - select action, (/) - cycle Shift-Dir - straight line, f - Crazy Yiuf
Aim: Crazy Yiuf, wielding a +2 quarterstaff of chaos and wearing a +0 cloak (severely wounded, 63% to hit)
You throw a throwing net.
The throwing net closely misses Crazy Yiuf.
Crazy Yiuf says, "Sif Muna!"
Crazy Yiuf hits you with a +2 quarterstaff of chaos.
You die...

#.....## #.......#
##...## ####.####
##'## #.# # #.#
#.# # #.# ###
###.# ....##♣♣♣♣♣
#....#P.♣.♣♣♣#####
##.......♣..♣#(g@#
##....P♣♣♣♣♣.'...#
##..#P♣ ♣♣#..)#
#.##♣♣ ##### #.#
#.# #.# #.# #.#


You could see Crazy Yiuf.

Vanquished Creatures
  Robin (D:2)
  3 adders
  A worm (D:3)
  2 dart slugs (D:2)
  10 orcs
  4 ball pythons
  3 endoplasms
  3 giant cockroaches
  14 goblins
  9 hobgoblins
  2 jackals (D:2)
  4 quokkas
  3 bats
  A frilled lizard (D:1)
  5 kobolds
  3 rats (D:2)
68 creatures vanquished.

Notes
Turn   | Place    | Note
-------+----------+-------------------------------------------
     0 | D:1      | RancidPinata the Gargoyle Gladiator began the quest for the
                  | Orb.
     0 | D:1      | Reached XP level 1. HP: 12/12 MP: 1/1
    25 | D:2      | Reached XP level 2. HP: 18/18 MP: 2/2
   123 | D:2      | Reached skill level 1 in Armour
   134 | D:2      | Reached XP level 3. HP: 16/22 MP: 3/3
   182 | D:2      | Reached skill level 3 in Fighting
   413 | D:3      | Noticed Robin
   664 | D:1      | Found a faded altar of an unknown god.
  1006 | D:1      | Reached XP level 4. HP: 28/28 MP: 4/4
  1418 | D:2      | Killed Robin
  2587 | D:3      | Reached XP level 5. HP: 33/33 MP: 5/5
  2636 | D:4      | Found a hide-covered altar of Uskayaw.
  2870 | D:4      | Reached skill level 4 in Fighting
  2881 | D:4      | Noticed an ogre
  2966 | D:3      | Found a runed translucent door.
  2967 | D:3      | Noticed Crazy Yiuf
  2978 | D:3      | Slain by Crazy Yiuf

Illustrated notes

Levels and vault maps discovered:
D:1:      dpeg_arrival_refuge, layout_loops_ring, basic_ecumenical_altar
D:2:      layout_rooms
D:3:      layout_loops_corners, grunt_ministairs_3, minmay_misc_feat_nine_boxes,
          uniq_robin, uniq_crazy_yiuf_cottage
D:4:      layout_gridville, old_standard_altar, serial_shops, shop, minivault_1

Skill      XL: |  1  2  3  4  5 |
---------------+----------------+-----
Throwing       | 2 |  2.6
Armour         | 1 2 |  2.0
Fighting       | 3 4 |  4.0
Maces & Flails | |  3.6
Dodging        | |  2.4

Action                     |  1- 3 |  4- 6 || total
---------------------------+-------+-------++-------
  Melee: Flail             |   107 |   147 ||   254
         Punch             |     1 |     2 ||     3
  Throw: Throwing net      |       |     1 ||     1
 Armour: Leather armour    |    55 |       ||    55
         Ring mail         |     3 |    91 ||    94
  Dodge: Dodged            |    84 |   103 ||   187
